 Dungeon Crawl Stone Soup version 0.20.1-1-g8b1a95d (webtiles) character file.

11988 equalderp2856 the Cleaver (level 11, -7/97 HPs)
             Began as a Minotaur Fighter on July 26, 2017.
             Killed by divine providence
             ... invoked by an orc priest
              (13 damage)
             ... on level 11 of the Dungeon.
             The game lasted 00:52:38 (15752 turns).

equalderp2856 the Cleaver (Minotaur Fighter)       Turns: 15752, Time: 00:52:39

Health: -7/97      AC: 18    Str: 24    XL:     11   Next: 56%
Magic:  10/10      EV:  8    Int:  6    God:
Gold:   970        SH: 12    Dex: 11    Spells: 8/10 levels left

rFire    . . .     SeeInvis .   N - +1 broad axe
rCold    . . .     Gourm    .   c - +0 shield
rNeg     . . .     Faith    .   T - +1 plate armour
rPois    .         Spirit   .   (helmet restricted)
rElec    .         Reflect  .   (no cloak)
rCorr    .         Harm     .   r - +1 pair of gloves
MR       .....                  (no boots)
Stlth    ..........             (no amulet)
Regen    0.3/turn               (no ring)
MPRegen  0.2/turn               B - +2 ring of strength

@: no status effects
A: retaliatory headbutt, horns 2
a: no special abilities


You were on level 11 of the Dungeon.
You were very hungry.

You visited 2 branches of the dungeon, and saw 12 of its levels.
You also visited: Ossuary.

You collected 970 gold pieces.

Inventory:

Hand Weapons
 H - a +0 shortbow
 N - a +1 broad axe (weapon)
 Q - a +0 blowgun
 R - a +0 trident
 X - a +0 shortbow
Missiles
 i - 148 sling bullets
 k - 241 stones (quivered)
 u - 60 poisoned needles
 v - 378 arrows
Armour
 b - a +0 scale mail
 c - a +0 shield (worn)
 r - a +1 pair of gloves (worn)
 L - a +3 ring mail of cold resistance
 T - a +1 plate armour (worn)
Jewellery
 s - an uncursed ring of fire
 B - a +2 ring of strength (right hand)
Wands
 y - a wand of polymorph (5/24)
 C - a wand of enslavement (6/24)
 D - a wand of digging (15/24)
 F - a wand of random effects (19/48)
 I - a wand of enslavement (6/24)
 P - a wand of confusion (12/48)
 S - a wand of polymorph (7/24)
 Z - a wand of disintegration (13/24)
Scrolls
 h - 9 scrolls of identify
 m - 8 scrolls of teleportation
 o - a scroll of recharging
 q - 3 scrolls of magic mapping
 E - 3 scrolls of remove curse
 G - 2 scrolls of enchant armour
 M - 2 scrolls of immolation
 U - 2 scrolls of amnesia
Potions
 d - 3 potions of might
 l - 4 potions of curing
 n - 3 potions of brilliance
 w - 6 potions of lignification
 x - 2 potions of cancellation
 J - 4 potions of haste
 K - a potion of magic {unknown}
 V - a potion of mutation {unknown}
 W - a potion of flight {unknown}
 Y - 2 potions of ambrosia {unknown}
Books
 e - a book of Misfortune

   Spells                             Type                      Level
   a - Confusing Touch                Hexes                        1
   b - Confuse                        Hexes                        3
   c - Gell's Gravitas                Translocation                3
   d - Petrify                        Transmutation/Earth          4
   e - Metabolic Englaciation         Hexes/Ice                    5
   f - Yara's Violent Unravelling     Hexes/Transmutation          5
 g - a book of Changes

   Spells                             Type                      Level
   a - Beastly Appendage              Transmutation                1
   b - Sticks to Snakes               Transmutation                2
   c - Spider Form                    Transmutation/Poison         3
   d - Ice Form                       Ice/Transmutation            4
   e - Blade Hands                    Transmutation                5
 j - a book of Maledictions

   Spells                             Type                      Level
   a - Corona                         Hexes                        1
   b - Ensorcelled Hibernation        Hexes/Ice                    2
   c - Confuse                        Hexes                        3
   d - Tukima's Dance                 Hexes                        3
   e - Dazzling Spray                 Conjuration/Hexes            3
Comestibles
 a - a royal jelly
 f - 9 bread rations
 A - 3 meat rations


   Skills:
 + Level 9.4 Fighting
 + Level 13.2(13.3) Axes
 + Level 1.9(9.0) Polearms
 + Level 10.0 Armour
 + Level 4.7 Dodging
 + Level 2.0 Stealth
 + Level 10.8 Shields
 * Level 0.3 Spellcasting
 * Level 0.2 Hexes


You had 8 spell levels left.
You knew the following spells:

 Your Spells              Type           Power        Failure   Level  Hunger
a - Confusing Touch       Hex            #.....       100%        1    ##.....
b - Corona                Hex            #......      100%        1    ##.....


Dungeon Overview and Level Annotations

Branches:
Dungeon (11/15)            Temple (0/1) D:6            Lair (1/6) D:9
    Orc: D:9-12

Altars:
Ashenzari
Cheibriados
Dithmenos
Elyvilon
Fedhas
Nemelex Xobeh
Okawaru
Ru
Sif Muna
Trog
Xom
Zin

Shops:
D:5 (   D:10 =

Annotations:
Lair:1 1 exclusion


Innate Abilities, Weirdness & Mutations

You reflexively headbutt those who attack you in melee.
You have a pair of horns on your head.


Message History

* * * LOW HITPOINT WARNING * * *
The two-headed ogre hits you with a giant spiked club!
* * * LOW HITPOINT WARNING * * *
Unknown command.
You feel better.
Things that are here:
+0 acid dragon scales; an acid dragon corpse The orc priest invokes the aid of Beogh against you.
Beogh smites you!
* * * LOW HITPOINT WARNING * * *
You feel better.
You are no longer corroded.
There is a stone staircase leading up here.
The orc sings a few bars from the Orcish anthem.
The orc priest invokes the aid of Beogh against you.
Beogh smites you!
* * * LOW HITPOINT WARNING * * *
The orc priest calls down the wrath of Beogh upon you.
Beogh smites you!
You die...

#.# #.# #.# #.# #.# #.#
#.# #.# #.# #.# #.# #.#
#.# #.# #.# #.# #.# #.#
#.# #.#
#.########.#######.#######
.........oKo..O.@.......<#
#.###########.############
#.# #.# #.# #.# #.# #.#
#.# #.# #.# #.. ..# #.#


You could see a two-headed ogre, an orc priest, an orc and a kobold.

Vanquished Creatures
  2 two-headed ogres (D:8)
  Pikel (D:4)
  The ghost of equalderp2856 the Chopper, a novice MiFi (D:6)
  Joseph (D:7)
  A komodo dragon (Lair:1)
  A troll (D:10)
  Grinder (D:4)
  2 hippogriffs
  5 yaks (D:9)
  A basilisk (D:9)
  A hungry ghost (D:8)
  Menkaure (D:5)
  An acid dragon (D:11)
  4 water moccasins
  4 porcupines
  A black bear (D:7)
  2 phantoms
  An orc warrior (D:7)
  A necrophage (D:8)
  3 wolves (Lair:1)
  3 ice beasts
  2 sky beasts
  9 ogres
  8 centaurs
  2 crocodiles (D:9)
  6 bullfrogs
  A wyvern skeleton (D:10)
  4 scorpions
  5 killer bees
  The ghost of Vajrapani the Skirmisher, a weakling DsWn (D:3)
  11 wights
  7 howler monkeys
  7 crimson imps
  A quasit (D:5)
  4 hounds
  3 centaur zombies
  An orc priest (D:4)
  6 jellies
  10 orc wizards
  A bullfrog skeleton (D:9)
  3 iguanas
  6 worker ants
  A hound zombie (D:7)
  A hound skeleton (D:7)
  9 mummies
  2 howler monkey zombies
  A howler monkey skeleton (D:10)
  2 worker ant zombies
  10 gnolls
  12 adders
  A shadow imp (D:9)
  An ooze (D:4)
  An adder zombie (D:2)
  3 adder skeletons
  4 worms
  3 dart slugs
  4 leopard geckos
  18 orcs
  3 ball pythons
  6 bats
  2 bat zombies (D:2)
  5 giant cockroaches
  2 gnoll zombies (Ossuary)
  9 hobgoblins
  8 jackals
  7 quokkas
  4 frilled lizards
  2 giant cockroach zombies
  3 goblins
  A hobgoblin zombie (Ossuary)
  A jackal skeleton (D:2)
  A jackal zombie (D:2)
  14 kobolds
  2 kobold zombies (Ossuary)
  A leopard gecko skeleton (D:5)
  3 orc zombies (Ossuary)
  2 quokka skeletons
  7 rats
292 creatures vanquished.

Vanquished Creatures (others)
  3 slaves (D:4)
  An orc wizard (D:4)
  A hound skeleton (D:4)
  An adder (D:4)
  An orc (D:4)
  3 bushes (D:9)
  3 fungi (D:9)
  8 plants (D:9)
21 creatures vanquished.

Grand Total: 313 creatures vanquished

Notes
Turn   | Place    | Note
-------+----------+-------------------------------------------
     0 | D:1      | equalderp2856 the Minotaur Fighter began the quest for the Orb.
     0 | D:1      | Reached XP level 1. HP: 19/19 MP: 0/0
   330 | D:1      | Reached XP level 2. HP: 3/27 MP: 1/1
   860 | D:2      | Reached XP level 3. HP: 22/33 MP: 2/2
  1188 | D:2      | Reached skill level 3 in Axes
  1192 | D:2      | Reached XP level 4. HP: 19/41 MP: 3/3
  2104 | D:3      | Noticed Vajrapani's ghost (weakling DsWn)
  2216 | D:3      | Killed Vajrapani's ghost
  2216 | D:3      | Reached skill level 4 in Axes
  2216 | D:3      | Reached skill level 1 in Dodging
  2216 | D:3      | Reached XP level 5. HP: 39/47 MP: 4/4
  3281 | D:4      | Reached skill level 5 in Armour
  3281 | D:4      | Reached XP level 6. HP: 49/53 MP: 5/5
  3385 | D:4      | Reached skill level 5 in Shields
  3439 | D:4      | Noticed a slave
  3440 | D:4      | Noticed Pikel
  3441 | D:4      | Noticed a slave
  3441 | D:4      | Reached skill level 5 in Axes
  3443 | D:4      | Noticed a slave
  3443 | D:4      | Noticed Grinder
  3444 | D:4      | Noticed a slave
  3529 | D:4      | Killed Pikel
  3529 | D:4      | Reached skill level 5 in Fighting
  3529 | D:4      | Reached skill level 6 in Axes
  3529 | D:4      | Reached XP level 7. HP: 49/61 MP: 6/6
  3561 | D:4      | Killed Grinder
  3913 | D:4      | Found a glowing silver altar of Zin.
  3915 | D:4      | Found a blossoming altar of Fedhas.
  3915 | D:4      | Found a sparkling altar of Nemelex Xobeh.
  3921 | D:4      | Reached skill level 7 in Axes
  3921 | D:4      | Reached XP level 8. HP: 33/69 MP: 7/7
  4733 | D:5      | Entered Level 5 of the Dungeon
  4880 | D:5      | Reached skill level 8 in Axes
  4912 | D:5      | Found a shattered altar of Ashenzari.
  4922 | D:5      | Found Qexaf's Antique Weapon Emporium.
  4942 | D:5      | Noticed Menkaure
  4953 | D:5      | Killed Menkaure
  4955 | D:5      | Found a snail-covered altar of Cheibriados.
  5008 | D:5      | Reached skill level 1 in Stealth
  5042 | D:5      | Found a shadowy altar of Dithmenos.
  5050 | D:5      | Found a deep blue altar of Sif Muna.
  5371 | D:5      | Reached skill level 9 in Axes
  5487 | D:6      | Noticed equalderp2856's ghost (novice MiFi)
  5515 | D:5      | Reached XP level 9. HP: 40/78 MP: 8/8
  5733 | D:6      | Found a sand-covered staircase.
  5744 | Ossuary  | Entered an ossuary
  6356 | D:6      | Killed equalderp2856's ghost
  6419 | D:6      | Reached skill level 10 in Axes
  6474 | D:6      | Found a staircase to the Ecumenical Temple.
  7372 | D:7      | Found a sparkling altar of Nemelex Xobeh.
  7488 | D:7      | Found an iron altar of Okawaru.
  7490 | D:7      | Found a shimmering altar of Xom.
  7604 | D:7      | Noticed Joseph
  7640 | D:7      | Killed Joseph
  7640 | D:7      | Reached skill level 11 in Axes
  7807 | D:7      | Found a sacrificial altar of Ru.
  8062 | D:7      | Reached XP level 10. HP: 84/88 MP: 9/9
  8107 | D:8      | Noticed a two-headed ogre
  8123 | D:8      | Killed a two-headed ogre
  8602 | D:8      | Noticed a two-headed ogre
  9497 | D:8      | Killed a two-headed ogre
 11567 | D:8      | Got a steaming whip
 11645 | D:7      | Identified the +1 whip "equalderp2856's Death" {slash, *Rage +Rage Int+7} (You found it on level 8 of the Dungeon)
 11848 | D:9      | Learned a level 1 spell: Confusing Touch
 11850 | D:9      | Learned a level 1 spell: Corona
 11909 | D:9      | Reached skill level 12 in Axes
 12084 | D:9      | Found a white marble altar of Elyvilon.
 12175 | D:9      | Reached skill level 10 in Shields
 12348 | D:9      | Reached XP level 11. HP: 61/95 MP: 10/10
 12628 | D:9      | Found a bloodstained altar of Trog.
 12759 | D:9      | Found a staircase to the Lair.
 13168 | Lair:1   | Entered Level 1 of the Lair of Beasts
 13357 | Lair:1   | Noticed a five-headed hydra
 14251 | Lair:1   | Reached skill level 1 in Polearms
 14909 | D:10     | Entered Level 10 of the Dungeon
 14984 | D:10     | Found Elinix's Jewellery Shop.
 15007 | D:10     | Reached skill level 13 in Axes
 15544 | D:10     | Reached skill level 10 in Armour
 15723 | D:11     | Noticed a two-headed ogre
 15731 | D:11     | HP: 4/97 [orc priest/divine providence (16)]
 15752 | D:11     | Killed from afar by an orc priest

Skill      XL: |  1  2  3  4  5  6  7  8  9 10 11 |
---------------+----------------------------------+-----
Armour         | 4 5 6 7 9 10 | 10.0
Fighting       | 4 5 6 7 8 9 |  9.4
Shields        | 4 6 7 8 10 | 10.8
Axes           | 3 4 6 7 9 11 12 13 | 13.2
Dodging        | 1 2 3 4 |  4.7
Stealth        | 1 2 |  2.0
Polearms       | 1 |  1.9
Spellcasting   | |  0.3
Hexes          | |  0.2

Action                   |  1- 3 |  4- 6 |  7- 9 | 10-12 || total
-------------------------+-------+-------+-------+-------++-------
Melee: War axe           |    63 |   152 |   380 |    98 ||   693
       Headbutt          |     7 |    25 |    70 |    64 ||   166
       Broad axe         |       |       |       |   205 ||   205
       Trident           |       |       |       |    39 ||    39
  Use: Scroll            |       |       |       |    18 ||    18
       Potion            |       |       |       |     3 ||     3
  Eat: Chunk             |       |     7 |     9 |    11 ||    27
       Fruit             |       |       |     4 |       ||     4
       Royal jelly       |       |       |     1 |     3 ||     4
       Meat ration       |       |       |       |     2 ||     2
Armor: Scale mail        |    50 |    72 |   140 |    22 ||   284
       Plate armour      |       |       |       |   148 ||   148
Dodge: Dodged            |    24 |    57 |   111 |   104 ||   296
Block: Shield            |    44 |   103 |   188 |   239 ||   574
